AoeStats
← CoquiTony

Arabia

506948311Analyzed
1v1 RM · 17d ago on Sep 15, 2026· 34m 31s· 2 players
Game mode
Random Map
Map size
Tiny (2 player)
Population
200
Speed
Normal
Resources
Standard
Victory
Conquest
Starting age
Dark Age
Ending age
Imperial Age
RankedLock teamsTeams togetherTeam positionsShared explorationLock speedFull tech treeHidden civsTurbo modeCheats
Victory
Defeat
🇩🇪 Burmese · Germany
1765
+13
🇦🇷 Byzantines · Argentina
1700
-13
CoquiTony
6:23 Loom
8:53 Feudal Age
20:22 Castle Age
19:05 Double-Bit Axe
20:03 Fletching
20:59 Bodkin Arrow
20:29 Elite Skirmisher
23:00 Padded Archer Armor
23:02 Crossbowman
24:30 Bow Saw
28:45 Horse Collar
33:35 Ballistics
UndercoverPilot
6:06 Loom
8:58 Feudal Age
9:03 Man-at-Arms
11:13 Horse Collar
13:59 Fletching
21:10 Castle Age
19:54 Padded Archer Armor
19:52 Gold Mining
20:50 Bloodlines
21:29 Scale Barding Armor
22:56 Bodkin Arrow
23:18 Town Watch
23:19 Crossbowman
28:54 Wheelbarrow
28:21 Heavy Plow
28:48 Husbandry
31:21 Ballistics
36:48 Imperial Age
Connection lost

Rejoining the realm…

Still unreachable

The connection could not be restored.

Session expired

The server has moved on; the page needs a fresh start.